 Dungeon Crawl Stone Soup version 0.29-a0-717-g6dac4ea423 (webtiles) character file.

Game seed: 1439107090604483338

87 crusatyr the Chopper (level 4, -1/39 HPs)
             Began as a Hill Orc Monk on June 27, 2022.
             Slain by a gnoll
             ... wielding a +0 flail
              (8 damage)
             ... on level 2 of the Dungeon.
             The game lasted 00:02:50 (2737 turns).

crusatyr the Chopper (Hill Orc Monk)                Turns: 2737, Time: 00:02:51

Health: -1/39      AC:  4    Str: 15    XL:     4   Next: 51%
Magic:  4/4        EV: 12    Int: 10    God:
Gold:   101        SH:  0    Dex: 13    Spells: 3/3 levels left

rFire   . . .      SeeInvis .   a - +0 hand axe
rCold   . . .      Faith    .   (no shield)
rNeg    . . .      Spirit   .   b - +0 robe
rPois   .          Reflect  .   (no helmet)
rElec   .          Harm     .   e - +0 cloak
rCorr   .          Rampage  .   (no gloves)
Will    .....                   m - +0 pair of boots
Stlth   ++........              (no amulet)
HPRegen 0.13/turn               (no ring)
MPRegen 0.09/turn               (no ring)

@: no status effects
A: no striking features
a: no special abilities


You were on level 2 of the Dungeon.
You visited 1 branch of the dungeon, and saw 2 of its levels.

You collected 101 gold pieces.

Inventory:

Hand Weapons
 a - a +0 hand axe (weapon)
 o - a +2 mace of holy wrath
Armour
 b - a +0 robe (worn)
 e - a +0 cloak (worn)
 m - a +0 pair of boots (worn)
 t - a +0 plate armour
Scrolls
 f - a scroll of brand weapon {unknown}
 h - 4 scrolls of teleportation {unknown}
 l - a scroll of magic mapping {unknown}
 n - 2 scrolls of enchant weapon {unknown}
 p - a scroll of enchant armour {unknown}
 q - a scroll of fog {unknown}
 r - a scroll of summoning {unknown}
 s - a scroll of fear {unknown}
Potions
 c - a potion of ambrosia
 d - a potion of berserk rage {unknown}
 g - a potion of haste {unknown}
 i - a potion of flight {unknown}
 j - a potion of mutation {unknown}
 k - a potion of degeneration {unknown}


   Skills:
 - Level 3.6 Fighting
 + Level 6.8 Axes
 - Level 2.4 Dodging
 - Level 1.5 Stealth


You had 3 spell levels left.
You didn't know any spells.
Your spell library was empty.

Dungeon Overview and Level Annotations

Branches:
Dungeon (2/15)

Altars:
Cheibriados


Message History

The gnoll is moderately wounded.
You hit the gnoll but do no damage. The gnoll barely misses you.
The gnoll closely misses you.
You hit the gnoll.
The gnoll is moderately wounded.
You hit the gnoll. The gnoll hits you with a +0 club.
The gnoll hits you with a +0 flail.
You are too injured to fight recklessly!
You are too injured to fight recklessly!
You are too injured to fight recklessly!
You hit the gnoll.
The gnoll is heavily wounded.
You hit the gnoll but do no damage. The gnoll hits you with a +0 club.
The gnoll closely misses you.
You closely miss the gnoll.
The gnoll is heavily wounded.
You closely miss the gnoll. The gnoll closely misses you.
The gnoll hits you with a +0 flail.
You barely miss the gnoll.
The gnoll is heavily wounded.
You hit the gnoll. The gnoll misses you. The gnoll hits you with a +0 flail.
You hit the gnoll but do no damage.
The gnoll is heavily wounded.
You hit the gnoll but do no damage. The gnoll closely misses you.
The gnoll completely misses you.
You hit the gnoll.
The gnoll is heavily wounded.
You hit the gnoll. The gnoll hits you but does no damage.
The gnoll barely misses you.
You hit the gnoll.
The gnoll is severely wounded.
You hit the gnoll but do no damage. The gnoll hits you with a +0 club.
* * * LOW HITPOINT WARNING * * *
The gnoll misses you.
You hit the gnoll but do no damage.
The gnoll is severely wounded.
You hit the gnoll. The gnoll hits you with a +0 club.
* * * LOW HITPOINT WARNING * * *
The gnoll hits you with a +0 flail!
You die...

#.##.. #.##.# #.##.#
#..... ####..
############## ##.
#............##### #.
#......##g.......########.
#.....ggg@##.###..........
#......#####.# ####.##.##.
#...(........# #.##.##.
###.########## #.##..#. #
#.###.#. #.###.#.
#########....<..
#..).......##.##
#......###.##†##


You could see 4 gnolls.

Vanquished Creatures
  A gnoll (D:1)
  2 adders (D:2)
  3 worms
  4 dart slugs
  4 ball pythons
  5 endoplasms
  A giant cockroach (D:2)
  5 goblins
  5 kobolds
  3 quokkas
  5 bats
  4 frilled lizards
  3 rats
45 creatures vanquished.

Notes
Turn   | Place    | Note
-------+----------+-------------------------------------------
     0 | D:1      | crusatyr the Hill Orc Monk began the quest for the Orb.
     0 | D:1      | Reached XP level 1. HP: 19/19 MP: 1/1
   245 | D:1      | Reached XP level 2. HP: 26/26 MP: 2/2
   321 | D:1      | Reached skill level 5 in Axes
   480 | D:1      | Reached XP level 3. HP: 16/31 MP: 3/3
   634 | D:1      | You fall into a shaft and drop 1 floor!
  1469 | D:2      | Reached skill level 6 in Axes
  1831 | D:2      | Reached XP level 4. HP: 19/39 MP: 4/4
  2612 | D:2      | Found a snail-covered altar of Cheibriados.
  2737 | D:2      | Slain by a gnoll

Illustrated notes

Levels and vault maps discovered:
D:1:      mushboom_english_gardens, layout_basic
D:2:      layout_loops_cross, basic_altar, kennysheep_generic_room_8

Skill      XL: |  1  2  3 |
---------------+----------+-----
Axes           | 5 6 |  6.8
Fighting       | |  3.6
Dodging        | |  2.4
Stealth        | |  1.5

Action                   |  1- 3 |  4- 6 || total
-------------------------+-------+-------++-------
Melee: Hand axe          |   122 |    57 ||   179
       Punch             |     3 |       ||     3
 Stab: Sleeping          |     8 |     4 ||    12
Armor: Robe              |    42 |     8 ||    50
Dodge: Dodged            |    85 |    31 ||   116

Table legend: (Time is in decaauts)
 A = Elapsed time spent in this place.
 B = Non-inter-level travel time spent in this place.
 C = Inter-level travel time spent in this place.
 D = Time resting spent in this place.
 E = Time spent auto-exploring this place.
 F = Levels seen in this place.
 G = Mean time per level.
                   A        B        C        D        E       F      G
               +--------+--------+--------+--------+--------+-----+--------+
         Total |   2739 |   2647 |     92 |    124 |   2106 |   2 | 1369.5 |
       Dungeon |   2739 |   2647 |     92 |    124 |   2106 |   2 | 1369.5 |
               +--------+--------+--------+--------+--------+-----+--------+

Top non-repeatable levels by time:
     D:1: 1480 daAuts
     D:2: 1258 daAuts
